 Dungeon Crawl Stone Soup version 0.32-a0-876-gcfddb08e57 (webtiles) character file.

Game seed: 2361059603148444014

511 TacoSundae the Ruffian (level 6, -2/51 HPs)
             Began as a Draconian Shapeshifter on Apr 1, 2024.
             Slain by a gnoll
             ... wielding a +2 heavy spear
             ... led by a gnoll sergeant
              (14 damage)
             ... on level 5 of the Dungeon.
             The game lasted 00:09:23 (3463 turns).

TacoSundae the Ruffian (Draconian Shapeshifter)     Turns: 3463, Time: 00:09:23

Health: -2/51      AC:  6    Str: 16    XL:     6   Next: 99%
Magic:  6/6        EV: 11    Int: 10    God:
Gold:   207        SH:  0    Dex: 13    Spells: 5/5 levels left

rFire   . .          .
                       - Unarmed
rCold   . . .        (no shield)
rNeg    . . .        (body armour unavailable)
rPois   .            (helmet currently unavailable)
rElec   .            (cloak currently unavailable)
rCorr   .            (gloves currently unavailable)
SInv    .            (boots currently unavailable)
Will    .....        (no amulet)
Stlth   +            (no ring)
HPRegen 0.28/turn    (no ring)
MPRegen 0.10/turn

%: no passive effects
@: lethally poisoned (-2 -> -9), beast-form
A: beast (slay +2), AC +6, unfitting armour, cold-blooded
a: Begin Untransformation


You were on level 5 of the Dungeon.
You were a hulking beast.
You visited 1 branch of the dungeon, and saw 5 of its levels.

You collected 207 gold pieces.

Inventory:

Missiles
 n - 2 throwing nets (quivered)
Armour
 d - a +0 pair of gloves
Jewellery
 f - a ring of wizardry
Talismans
 b - a beast talisman (active)
 c - a flux talisman
 l - a maw talisman
Scrolls
 e - a scroll of enchant weapon
 h - a scroll of poison
 j - a scroll of vulnerability
Potions
 g - a potion of cancellation {unknown}
 i - a potion of ambrosia {unknown}
 k - a potion of degeneration {unknown}
 o - a potion of mutation {unknown}
 p - a potion of curing {unknown}


   Skills:
 + Level 3.5 Fighting
 + Level 1.9 Dodging
 * Level 5.5 Unarmed Combat
 * Level 5.2 Shapeshifting


You had 5 spell levels left.
You didn't know any spells.
Your spell library contained the following spells:

 Spells                   Type           Power      Damage    Failure   Level
 Sting                    Conj/Alch      0%         1d3       36%         1
 Mercury Vapours          Alch/Air       0%         N/A       50%         2
 Call Canine Familiar     Summ           0%         N/A       75%         3
 Sigil of Binding         Hex            0%         N/A       75%         3
 Animate Dead             Necr           0%         N/A       98%         4
 Cause Fear               Hex            0%         N/A       98%         4
 Dimensional Bullseye     Hex/Tloc       0%         N/A       98%         4
 Olgreb's Toxic Radiance  Alch           0%         N/A       98%         4
 Fireball                 Conj/Fire      0%         3d3       100%        5
 Haunt                    Necr/Summ      0%         N/A       100%        7
 Infestation              Necr           0%         N/A       100%        8
 Dragon's Call            Summ           0%         N/A       100%        9


Dungeon Overview and Level Annotations

Branches:
Dungeon (5/15)
 Temple: D:4-7

Altars:
Gozag
Vehumet
Wu Jian
Yredelemnul
Zin


Innate Abilities, Weirdness & Mutations

You are a hulking beast.
Your limbs bulge with bestial killing power. (Slay +2)
Your plain brown scales are hard. (AC +6)
You cannot fit into any form of body armour.
You are cold-blooded and may be slowed by cold attacks.


Message History

The gnoll shouts!
You swing at nothing.
The air fills with toxic fumes!
As you read the scroll of poison, it crumbles to dust.
The gnoll hits you with a +0 club.
The gnoll hits you from afar with a +2 heavy spear!
Unknown command.
You barely miss the gnoll. The gnoll closely misses you.
You barely miss the gnoll.
The gnoll hits you from afar with a +2 heavy spear.
The gnoll hits you with a +0 club.
You hit the gnoll. Your punch misses the gnoll.
The gnoll is moderately wounded.
You punch the gnoll!
You kill the gnoll!
The gnoll hits you from afar with a +2 heavy spear!
A bombardier beetle comes into view.
The gnoll barely misses you.
Things that are here:
a +0 club; a gnoll corpse You hit the gnoll.
Your tail-slap misses the gnoll.
The gnoll is lightly wounded.
The gnoll sergeant barely misses you.
You closely miss the gnoll.
You tail-slap the gnoll, but do no damage.
The gnoll is lightly wounded.
The gnoll sergeant hits you from afar with a +3 spear of venom.
You are poisoned.
The gnoll barely misses you.
You hit the gnoll.
You tail-slap the gnoll, but do no damage.
The gnoll is heavily wounded.
You feel very sick. The gnoll sergeant closely misses you.
The white imp laughs crazily.
You hit the gnoll.
The gnoll is almost dead.
You feel sick.
The gnoll hits you with a +2 heavy spear!
You die... .# ### §# ..## §# . .§§ §# ##.
Bg#☼# ##+# #.. 5g☼

...# #.# #g# ##.# #.#
#h# #
...#####.#######.##....
_..+........##.☼§§......
...#..........☼#○##....#
##.#.........###§# ####
...#.........÷.§§#
##'##......####§§#####
#.#..###### ##§§...#
##...## #..####


You could see a gnoll sergeant, a bombardier beetle, 2 gnolls and a white imp.

Vanquished Creatures
  Grinder (D:4)
  A scorpion (D:4)
  A hound (D:4)
  An iguana (D:5)
  An orc wizard (D:5)
  Robin (D:4)
  5 gnolls
  4 adders
  A dart slug (D:4)
  A ribbon worm (D:2)
  12 orcs
  6 endoplasms
  A giant cockroach (D:1)
  11 goblins
  10 hobgoblins
  3 jackals (D:3)
  6 kobolds
  4 quokkas
  3 ball pythons
  4 bats
  3 rats
80 creatures vanquished.

Notes
Turn   | Place    | Note
-------+----------+-------------------------------------------
     0 | D:1      | TacoSundae the Draconian Shapeshifter began the quest for
                  | the Orb.
     0 | D:1      | Reached XP level 1. HP: 16/16 MP: 1/1
   119 | D:1      | Found a faded altar of an unknown god.
   255 | D:1      | Reached XP level 2. HP: 23/23 MP: 2/2
   672 | D:2      | Reached XP level 3. HP: 29/29 MP: 3/3
   862 | D:2      | Reached XP level 4. HP: 27/36 MP: 4/4
  2173 | D:3      | Found a basalt altar of Yredelemnul.
  2183 | D:3      | Found an ornate altar of the Wu Jian Council.
  2332 | D:4      | Noticed Robin
  2367 | D:4      | Killed Robin
  2368 | D:4      | Reached XP level 5. HP: 29/42 MP: 5/5
  2671 | D:4      | Noticed Grinder
  2691 | D:4      | Paralysed by Grinder for 4 turns
  2708 | D:4      | Killed Grinder
  2709 | D:4      | Reached skill level 5 in Unarmed Combat
  2709 | D:4      | Reached skill level 5 in Shapeshifting
  2709 | D:4      | Reached XP level 6. HP: 9/51 MP: 6/6
  2967 | D:4      | Found a glowing silver altar of Zin.
  3181 | D:5      | Entered Level 5 of the Dungeon
  3395 | D:5      | Found an opulent altar of Gozag.
  3420 | D:5      | Found a radiant altar of Vehumet.
  3463 | D:5      | Slain by a gnoll

Illustrated notes

Levels and vault maps discovered:
D:1:      amcnicky_arrival_abandoned_market, layout_basic,
          shapermc_ecumenical_altar_totnotflames
D:2:      layout_loops_cross
D:3:      layout_loops_corners, jmf_multi_god_temple2, st_stairs_11
D:4:      layout_loops_cross, zin_treasury, kennysheep_dice, uniq_robin,
          uniq_grinder
D:5:      layout_rooms, mainiacjoe_overflow_six_doors_small,
          nicolae_overflow_hidden_temple, serial_shops, nicolae_shop_stone,
          amcnicky_mini_corridor_feature, minmay_manual_maat, uniq_sigmund

Skill      XL: |  1  2  3  4  5 |
---------------+----------------+-----
Fighting       | 2 3 |  3.5
Unarmed Combat | 4 5 |  5.5
Shapeshifting  | 4 5 |  5.2
Dodging        | |  1.9

Action                     |  1- 3 |  4- 6 || total
---------------------------+-------+-------++-------
  Melee: Unarmed           |    75 |   148 ||   223
         Tailslap          |     8 |    21 ||    29
         Punch             |     1 |     4 ||     5
    Use: Scroll            |       |     6 ||     6
         Potion            |       |     1 ||     1
   Stab: Distracted        |       |     1 ||     1
 Armour: Skin              |    34 |    78 ||   112
  Dodge: Dodged            |    45 |    59 ||   104

Table legend: (Time is in decaauts)
 A = Elapsed time spent in this place.
 B = Non-inter-level travel time spent in this place.
 C = Inter-level travel time spent in this place.
 D = Time resting spent in this place.
 E = Time spent auto-exploring this place.
 F = Levels seen in this place.
 G = Mean time per level.
                   A        B        C        D        E       F      G
               +--------+--------+--------+--------+--------+-----+--------+
         Total |   3444 |   3342 |    102 |    299 |   2126 |   5 |  688.8 |
       Dungeon |   3444 |   3342 |    102 |    299 |   2126 |   5 |  688.8 |
               +--------+--------+--------+--------+--------+-----+--------+

Top non-repeatable levels by time:
     D:4: 1105 daAuts
     D:3: 929 daAuts
     D:2: 674 daAuts
     D:1: 607 daAuts
     D:5: 127 daAuts
